 Dungeon Crawl Stone Soup version 0.29-a0-330-g52719c12eb (webtiles) character file.

Game seed: 10779840043674641620

189 Gwenloh the Skirmisher (level 5, -7/47 HPs)
             Began as a Minotaur Fighter on May 29, 2022.
             Mangled by an orc wizard
             ... wielding a +0 dagger of electrocution
              (16 damage)
             ... on level 3 of the Dungeon.
             The game lasted 00:04:05 (2717 turns).

Gwenloh the Skirmisher (Minotaur Fighter)           Turns: 2717, Time: 00:04:05

Health: -7/47      AC:  7    Str: 21    XL:     5   Next: 40%
Magic:  4/4        EV:  9    Int:  5    God:
Gold:   102        SH:  5    Dex: 11    Spells: 4/4 levels left

rFire   . . .      SeeInvis .   a - +0 war axe
rCold   . . .      Faith    .   c - +0 buckler
rNeg    . . .      Spirit   .   b - +0 scale mail
rPois   .          Reflect  .   (helmet restricted)
rElec   .          Harm     .   s - scarf {+Inv}
rCorr   .          Rampage  .   (no gloves)
Will    .....                   (no boots)
Stlth   ..........              (no amulet)
HPRegen 0.15/turn               (no ring)
MPRegen 0.09/turn               (no ring)

@: no status effects
A: horns 2, retaliatory headbutt
a: Evoke Invisibility


You were on level 3 of the Dungeon.
You visited 1 branch of the dungeon, and saw 3 of its levels.

You collected 102 gold pieces.

Inventory:

Hand Weapons
 a - a +0 war axe (weapon)
Missiles
 p - 75 stones (quivered)
 v - 5 poisoned darts
Armour
 b - a +0 scale mail (worn)
 c - a +0 buckler (worn)
 s - a scarf of invisibility (worn)
Jewellery
 m - a +6 ring of dexterity
Wands
 t - a wand of flame (8)
Scrolls
 g - a scroll of fog {unknown}
 h - a scroll of torment {unknown}
 i - 2 scrolls of blinking
 k - a scroll of amnesia {unknown}
 l - a scroll of noise {unknown}
 n - a scroll of magic mapping {unknown}
 o - 2 scrolls of identify {unknown}
 q - a scroll of teleportation {unknown}
Potions
 d - a potion of might
 e - 2 potions of heal wounds {unknown}
 f - a potion of ambrosia {unknown}
 j - a potion of cancellation {unknown}
 r - a potion of degeneration {unknown}
 u - 2 potions of mutation {unknown}


   Skills:
 * Level 4.7 Fighting
 * Level 3.8 Axes
 * Level 4.6 Armour
 + Level 1.4 Dodging
 * Level 4.7 Shields
 + Level 0.6 Evocations


You had 4 spell levels left.
You didn't know any spells.
Your spell library was empty.

Dungeon Overview and Level Annotations

Branches:
Dungeon (3/15)

Altars:

Shops:
D:1 *


Innate Abilities, Weirdness & Mutations

You have a pair of horns on your head.
You reflexively headbutt those who attack you in melee.


Message History

You throw a stone. The stone barely misses the orc.
The stone hits the orc wizard.
The orc wizard is lightly wounded.
You throw a stone.
The stone hits the orc but does no damage.
You throw a stone. The stone barely misses the orc.
The orc wizard gestures wildly while chanting.
The orc wizard flickers and vanishes!
Deactivating autopickup; reactivate with Ctrl-A.
You slash the orc!
You kill the orc!
You throw a stone. The stone closely misses the orc.
An orc comes into view. It is wielding a +0 short sword.
You barely miss the orc. You block the orc's attack.
You hit the orc.
You kill the orc!
You hit something. Something hits you.
You are electrocuted!
You throw a stone. Something hits you.
You miss something.
You hear some strange, mumbled words.
A puff of flame appears from out of thin air!
The puff of flame misses you.
You barely miss something. Your headbutt misses something.
Something hits you but does no damage.
You hear some strange, mumbled words.
You are confused.
The orc hits you with a +0 short sword.
You hit the orc but do no damage. You miss something.
Something hits you but does no damage. The orc barely misses you.
You bump into the rock wall.
The orc barely misses you. Something hits you.
You completely miss something. Your headbutt misses something.
You barely miss the orc. The orc hits you with a +0 short sword.
Something hits you but does no damage.
You are electrocuted!
* * * LOW HITPOINT WARNING * * *
You're too confused to move!
You feel less confused. Something hits you.
* * * LOW HITPOINT WARNING * * *
You are electrocuted!
You die...

....
#....#.######...###
.. #.##.#.# #...#
#.##)#.# #.#.#
#.....<# #...#
########.### #...#
#........###### ...
....##.......# #.#
.##.##..####.#
##.####
#..@..####.###......
####.o##.....#..##.#
###(|##.#.#........
.....##.#.###)>###.
##..(....##...###.
#.###..###.......
#.#....# #...####
##(#o##.# ###.# #
#.((....# .[. #


You could see an orc.

Vanquished Creatures
  A bullfrog (D:3)
  3 gnolls (D:2)
  2 adders
  2 worms (D:3)
  2 dart slugs (D:1)
  3 orcs (D:3)
  6 endoplasms
  4 giant cockroaches
  5 goblins
  6 hobgoblins
  10 jackals
  5 kobolds
  7 ball pythons
  6 bats
  2 frilled lizards
  5 rats
69 creatures vanquished.

Notes
Turn   | Place    | Note
-------+----------+-------------------------------------------
     0 | D:1      | Gwenloh the Minotaur Fighter began the quest for the Orb.
     0 | D:1      | Reached XP level 1. HP: 19/19 MP: 0/0
   289 | D:1      | Reached XP level 2. HP: 27/27 MP: 1/1
   363 | D:1      | Reached XP level 3. HP: 24/33 MP: 2/2
   601 | D:1      | Found Durikk's Assorted Antiques.
   721 | D:1      | Found a faded altar of an unknown god.
  1739 | D:2      | Reached XP level 4. HP: 31/41 MP: 3/3
  2437 | D:3      | Noticed a bullfrog
  2440 | D:3      | Killed a bullfrog
  2441 | D:3      | Reached skill level 1 in Dodging
  2441 | D:3      | Reached XP level 5. HP: 47/47 MP: 4/4
  2717 | D:3      | Mangled by an orc wizard

Illustrated notes

Levels and vault maps discovered:
D:1:      lemuel_arrival_lava_pool, layout_loops_corners, serial_shops,
          nicolae_shop_competitors_out_of_business, basic_ecumenical_altar,
          minmay_unequal
D:2:      layout_loops_corners
D:3:      layout_loops_cross, nicolae_wormholes, uniq_crazy_yiuf_cottage

Skill      XL: |  1  2  3  4 |
---------------+-------------+-----
Shields        | 4 |  4.7
Fighting       | 4 |  4.7
Armour         | 4 |  4.6
Axes           | 3 |  3.8
Dodging        | 1 |  1.4
Evocations     | |  0.6

Action                   |  1- 3 |  4- 6 || total
-------------------------+-------+-------++-------
Melee: War axe           |    71 |    59 ||   130
       Headbutt          |    12 |     9 ||    21
Throw: Stone             |    26 |    68 ||    94
  Use: Scroll            |       |     1 ||     1
Armor: Scale mail        |    39 |    26 ||    65
Dodge: Dodged            |    26 |    17 ||    43
Block: Buckler           |    21 |     8 ||    29

Table legend: (Time is in decaauts)
 A = Elapsed time spent in this place.
 B = Non-inter-level travel time spent in this place.
 C = Inter-level travel time spent in this place.
 D = Time resting spent in this place.
 E = Time spent auto-exploring this place.
 F = Levels seen in this place.
 G = Mean time per level.
                   A        B        C        D        E       F      G
               +--------+--------+--------+--------+--------+-----+--------+
         Total |   2780 |   2666 |    114 |      0 |   2202 |   3 |  926.7 |
       Dungeon |   2780 |   2666 |    114 |      0 |   2202 |   3 |  926.7 |
               +--------+--------+--------+--------+--------+-----+--------+

Top non-repeatable levels by time:
     D:2: 1252 daAuts
     D:1: 1049 daAuts
     D:3: 478 daAuts
